 Dungeon Crawl Stone Soup version 0.18.1-5-g4a78601 (console) character file.

2535843 kaze the Conqueror (level 27, 347/347 HPs)
             Began as an Ogre Fighter on May 4, 2016.
             Was the Champion of the Shining One.
             Escaped with the Orb
             ... and 5 runes on May 11, 2016!
             The game lasted 09:50:35 (112168 turns).

kaze the Conqueror (Ogre Fighter)                 Turns: 112168, Time: 09:50:36

Health: 347/347    AC: 24    Str: 39    XL:     27
Magic:  36/36      EV: 22    Int: 11    God:    the Shining One [******]
Gold:   9406       SH: 32    Dex: 19    Spells: 7 memorised, 21 levels left

rFire  + + +     SeeInvis .     a - +1 eveningstar {holy, rF+ rC+ Str+2}
rCold  + . .     Gourm    .     r - +2 fire dragon armour of Peek-a-Boo {rF++ rC- Slay+2}
rNeg   + + +     Faith    .     S - +7 large shield {reflect}
rPois  +         Spirit   .     t - +2 hat {Int+3}
rElec  +         Dismiss  .     w - +0 cloak of True Grit {rElec Regen+ Int+3}
rCorr  .         Reflect  +     (gloves unavailable)
SustAt .         Harm     .     (boots unavailable)
MR     +++..     Clarity  +     m - amulet of Vitality {Regen+ HP+15}
Stlth  +.........               M - ring of Pakellas's Favour {rN+ MR+ Str+7 Int-4 Dex+4}
                                f - ring "Zoxietank" {rPois rC+ AC+2 Str+2 Stlth+}

@: glowing, extremely resistant to hostile enchantments, very unstealthy
A: unfitting armour, antennae 1, hooves 2, rugged brown scales 1, clarity,
mutation resistance 1, regeneration 1, tough skin 1, weak 1, no device heal 1
a: Divine Shield, Cleansing Flame, Summon Divine Warrior, Brand Weapon With Holy
Wrath, Renounce Religion
0: Orb of Zot
}: 5/15 runes: barnacled, slimy, silver, golden, gossamer


You escaped.
You worshipped the Shining One.
The Shining One was exalted by your worship.
You were not hungry.

You visited 15 branches of the dungeon, and saw 68 of its levels.
You visited 1 bazaar.

You collected 13200 gold pieces.
You spent 3794 gold pieces at shops.

Inventory:

Hand Weapons
 a - the +1 eveningstar "Jellybane" (weapon) {holy, rF+ rC+ Str+2}
   (Okawaru gifted it to you on level 3 of the Lair of Beasts)

   It has been blessed by the Shining One to cause great damage to the undead
   and demons.
   It affects your strength (+2).
   It protects you from fire.
   It protects you from cold.
 T - the +5 giant spiked club of the Shoals {crush, *Confuse MR+ Str+2}
   (Okawaru gifted it to you on level 5 of the Vaults)

   It inflicts extra damage upon your enemies.
   It affects your strength (+2).
   It affects your resistance to hostile enchantments.
   It may confuse you when you take damage.
Missiles
 Q - 189 large rocks (quivered)
Armour
 r - the +2 fire dragon armour of Peek-a-Boo (worn) {rF++ rC- Slay+2}
   (You found it on level 3 of the Elven Halls)

   It affects your accuracy and damage with ranged weapons and melee attacks
   (+2).
   It greatly protects you from fire.
   It makes you vulnerable to cold.
 t - a +2 hat of intelligence (worn)
 w - the +0 cloak of True Grit (worn) {rElec Regen+ Int+3}
   (You acquired it on level 1 of the Lair of Beasts)

   It affects your intelligence (+3).
   It insulates you from electricity.
   It increases your rate of regeneration.
 P - the +10 storm dragon armour of Sif Muna's Regard {rElec Stlth+}
   (You found it on level 8 of the Lair of Beasts)

   It insulates you from electricity.
   It makes you more stealthy.
 S - a +7 large shield of reflection (worn)
Rods
 b - a +5 rod of shadows (15/15)
   (You found it on level 6 of the Pits of Slime)
 V - a +2 rod of inaccuracy (9/9)
   (You found it on level 3 of the Tomb of the Ancients)
Jewellery
 f - the ring "Zoxietank" (left hand) {rPois rC+ AC+2 Str+2 Stlth+}
   (You took it off a vault sentinel on level 5 of the Vaults)

   [ring of protection]

   It affects your AC (+2).
   It affects your strength (+2).
   It protects you from cold.
   It protects you from poison.
   It makes you more stealthy.
 m - the amulet of Vitality (around neck) {Regen+ HP+15}
   (You took it off a deep elf demonologist on level 2 of the Elven Halls)

   [amulet of regeneration]

   It affects your health (+15).
   It increases your rate of regeneration.
 v - an uncursed ring of see invisible
 I - a +3 ring of slaying
 M - the ring of Pakellas's Favour (right hand) {rN+ MR+ Str+7 Int-4 Dex+4}
   (You found it on level 3 of the Crypt)

   [ring of positive energy]

   It affects your strength (+7).
   It affects your intelligence (-4).
   It affects your dexterity (+4).
   It protects you from negative energy.
   It affects your resistance to hostile enchantments.
Wands
 n - a wand of hasting (8/9)
 B - a wand of acid (14/15)
 H - a wand of iceblast (15/15)
 K - a wand of lightning (6/15)
 O - a wand of acid (7/15)
 R - a wand of teleportation (5/9)
Scrolls
 c - 2 scrolls of brand weapon
 k - 30 scrolls of teleportation
 l - 5 scrolls of identify
 p - a scroll of silence
 q - 11 scrolls of fog
 s - 5 scrolls of fear
 u - 10 scrolls of remove curse
 N - 5 scrolls of blinking
Potions
 e - 3 potions of haste
 g - 2 potions of resistance
 h - 2 potions of berserk rage
 i - 5 potions of might
 j - 12 potions of lignification
 o - 26 potions of curing
 C - 3 potions of cancellation
 J - 12 potions of heal wounds
 Y - 4 potions of agility
Miscellaneous
 x - a phial of floods
 y - a stone of tremors
 E - an ornate deck of defence {the Elixir}
 L - a disc of storms
 U - a figurine of a ziggurat
 W - a lamp of fire
 Z - a fan of gales
Comestibles
 d - 24 meat rations
 D - 29 bread rations


   Skills:
 O Level 27 Fighting
 - Level 22.2 Maces & Flails
 + Level 23.2 Throwing
 + Level 18.8 Armour
 - Level 17.7 Dodging
 + Level 17.9 Shields
 - Level 8.6 Spellcasting
 - Level 9.7 Conjurations
 - Level 4.7 Charms
 - Level 5.1 Summonings
 * Level 7.7 Translocations
 - Level 10.0 Fire Magic
 - Level 7.4 Air Magic
 * Level 19.0 Invocations
 - Level 10.0 Evocations


You had 21 spell levels left.
You knew the following spells:

 Your Spells              Type           Power        Failure   Level  Hunger
a - Conjure Flame         Conj/Fire      ####....     1%          3    ##.....
b - Summon Butterflies    Summ           ###.....     2%          1    None
c - Swiftness             Chrm/Air       ###.....     2%          2    #......
d - Fireball              Conj/Fire      ####......   12%         5    ######.
e - Bolt of Fire          Conj/Fire      ####......   63%         6    #######
f - Portal Projectile     Tloc           ###...       3%          3    ##.....
g - Blink                 Tloc           N/A          1%          2    #......


Dungeon Overview and Level Annotations

Branches:
Dungeon (15/15)            Temple (1/1) D:6            Lair (8/8) D:8
 Shoals (4/4) Lair:6       Spider (4/4) Lair:3        Slime (6/6) Lair:7
    Orc (2/2) D:10            Elf (3/3) Orc:2        Vaults (5/5) D:14
  Crypt (3/3) Vaults:2       Tomb (3/3) Crypt:3      Depths (5/5) D:15
   Hell (1/1)                 Dis (0/7) Hell            Geh (3/7) Hell
    Coc (0/7) Hell            Tar (0/7) Hell            Zot (5/5) Depths:5

Altars:
Ashenzari
Dithmenos
Elyvilon
Okawaru
Pakellas
Vehumet
Yredelemnul
Zin
The Shining One
Beogh
Jiyva
Lugonu

Shops:
D:9 %   D:14 :   Orc:1 :   Orc:2 }[?   Elf:1 !(([   Shoals:1 (   Shoals:2 [
Shoals:4 !   Vaults:2 *?::   Vaults:3 !   Depths:1 %   Depths:3 !

Portals:
Hell: Depths:1 Depths:2 Depths:3 Depths:4 Depths:5
Abyss: Depths:1 Depths:4
Pandemonium: Orc:2 Depths:1 Depths:3
Ziggurat: Depths:3
Trove: D:11 (give 7 potions of agility)

Annotations:
D:7 exclusion: statue


Innate Abilities, Weirdness & Mutations

You are too large for most types of armour.
You have tough skin (AC +1).
You have a pair of small antennae on your head.
You have hoof-like feet.
You are partially covered in rugged brown scales (AC +1, +3% HP).
You possess an exceptional clarity of mind.
You are somewhat resistant to further mutation.
Your natural rate of healing is unusually fast.
You are weak. (Str -2)
Potions and wands are less effective at restoring your health.


Message History

Okay, then.
There is an open door here.
There is a stone staircase leading down here.
An Orb Guardian comes into view.
Throwing (i - inventory):
Q - 189 large rocks (quivered)
Press: ? - help, Shift-Dir - straight line, f - Orb Guardian
Aim: an Orb Guardian (haloed)
You throw a large rock.
The large rock hits the Orb Guardian!!!!
You kill the Orb Guardian!
(D) Dungeon (T) Temple (L) Lair (A) Shoals (N) Spider Nest (M) Slime Pits (O) Orcish Mines (E) Elven Halls (V) Vaults (C) Crypt (W) Tomb (U) Depths (H) Hell (I) Dis (G) Gehenna (X) Cocytus (Y) Tartarus (Z) Zot
Where to? (Enter - D:1 @ (x,y), ? - help)
Q - 189 large rocks (gained 1)
There is an open door here.
There is a staircase leading out of the dungeon here.
You have escaped!

#...# ##...## #.###.##. #...#
##.>...## #....>... #...##
##.......## ##.###.###
####...####.........####...##.#
.>...#....+.........'.....[.#.#
###.###.###.........####...##.#
##.#.############## ##......#
##.###.### #.# ###.#####.# #.#
##..####'####..######.#
#.######..'...'..### #....#
#.#.# ####.@.#### #.##.#
#.#.####..'...'..#####.##.#
#.#.##..####'####..##.....#
#.#.##### #.# ###.##.####
#...########.#######.#.#
###.........(..........#
#.##...##.############
#.........# ####...##.#
######.# #.#


There were no monsters in sight!

Vanquished Creatures
  the Royal Jelly (Slime:6)
  2 orbs of fire (Zot:5)
  4 ancient liches
  Mara (Spider:4)
  3 juggernauts
  A pandemonium lord (Depths:2)
  36 greater mummies
  Sojobo (Vaults:3)
  The ghost of Mulkerokala the Swashbuckler, a legendary OpAr of Dithmenos (Slime:5)
  Margery (Vaults:3)
  Saint Roka (Crypt:1)
  Geryon (Hell)
  5 Killer Klowns
  14 golden dragons
  A profane servitor (Crypt:2)
  Jory (Crypt:1)
  An iron giant (Depths:3)
  Xtahua (Crypt:1)
  2 bone dragons
  Arachne (Spider:2)
  3 electric golems
  Rupert (Orc:2)
  5 Brimstone Fiends
  11 liches
  16 tentacled monstrosities
  22 Orb Guardians
  8 deep elf blademasters
  A quicksilver dragon (Vaults:5)
  17 acid blobs
  An Executioner (Depths:2)
  22 titans
  11 sphinxes
  3 deep elf master archers
  Gastronok (Lair:2)
  8 death cobs
  An eldritch tentacle (Geh:1)
  2 ancient champions
  14 storm dragons
  Frances (Vaults:3)
  9 shadow dragons
  8 tengu reavers
  Agnes (Spider:2)
  Roxanne (Shoals:2)
  28 fire giants
  4 draconian knights
  12 azure jellies
  Ilsuiw (Shoals:3)
  6 draconian monks
  Maud (D:11)
  7 revenants
  Donald (Crypt:1)
  17 vault wardens
  3 deep elf sorcerers
  Wiglaf (Vaults:2)
  4 iron dragons
  An angel (D:6)
  34 frost giants
  13 draconian zealots
  6 emperor scorpions
  3 balrugs
  2 curse skulls
  6 ghost moths
  6 draconian shifters
  4 draconian scorchers
  4 draconian annihilators
  Aizul (Elf:1)
  A spriggan defender (Vaults:2)
  5 deep elf elementalists
  6 ghouls
  10 ironheart preservers
  17 very ugly things
  5 reapers
  5 salamander stormcallers
  37 stone giants
  10 vampire knights
  7 war gargoyles
  3 draconian callers
  12 green draconians
  Azrael (D:15)
  10 deep elf annihilators
  13 black draconians
  3 bennus
  8 yellow draconians
  10 deep elf demonologists
  11 red draconians
  6 spark wasps
  15 white draconians
  2 lorocyprocas
  10 mottled draconians
  4 merfolk javelineers
  9 purple draconians
  An eidolon (Crypt:1)
  2 ettins (shapeshifter)
  3 crystal guardians (Crypt:3)
  3 blizzard demons (Hell)
  7 death oozes
  14 ettins
  5 merfolk impalers
  30 vault guards
  30 fire dragons
  A jiangshi (Crypt:1)
  10 deep elf death magi
  21 mummy priests
  2 pearl dragon zombies (Crypt:2)
  13 great orbs of eyes
  A quicksilver dragon skeleton (Geh:1)
  3 quicksilver dragon zombies
  Josephine (D:11)
  9 entropy weavers
  13 ogre magi
  18 yaktaur captains
  8 deep elf high priests
  Harold (Lair:4)
  13 ice dragons
  2 anacondas (shapeshifter)
  16 centaur warriors
  A spriggan air mage (Depths:3)
  3 merfolk avatars
  7 rakshasas
  2 catoblepae
  8 hydras
  Erica (D:9)
  4 merfolk aquamancers
  17 death yaks
  9 death knights
  34 dancing weapons
  4 alligator snapping turtles
  A queen ant (Spider:2)
  6 tengu warriors
  4 vampire magi
  12 deep troll earth magi
  15 hell hogs
  4 spriggan berserkers
  19 deep troll shamans
  Nergalle (Lair:2)
  Urug (D:11)
  2 titan zombies
  A storm dragon zombie (Tomb:2)
  11 sun demons
  28 deep elf knights
  6 orc high priests (Orc:2)
  37 hell knights
  A titan skeleton (Geh:1)
  24 skeletal warriors
  11 soul eaters
  A salamander mystic (Geh:2)
  2 iron golems (Hell)
  71 death scarabs
  23 iron trolls
  2 shadow wraiths (Crypt:2)
  2 fire crabs
  A sea snake (shapeshifter) (Vaults:5)
  2 ghost moth zombies
  An unseen horror (D:10)
  10 sea snakes
  8 giant orange brains
  5 anaconda zombies
  A storm dragon skeleton (Vaults:3)
  2 golden dragon zombies
  62 deep trolls
  14 deep elf archers
  A kraken simulacrum (Shoals:4)
  9 flayed ghosts
  3 shadow dragon zombies
  15 harpies
  A torturous demonspawn (Depths:1)
  2 gelid demonspawn (Orc:2)
  A golden dragon skeleton (D:15)
  29 necromancers
  19 hill giants
  Pikel (D:7)
  3 anaconda skeletons
  77 deep elf magi
  21 orc knights
  23 anubis guards
  3 wizards
  7 phantasmal warriors
  A sphinx zombie (D:15)
  11 ironbrand convokers
  An obsidian statue (Depths:5)
  2 oklob plants (Lair:5)
  4 frost giant zombies
  4 stone giant zombies
  10 griffons
  A wolf spider zombie (Crypt:3)
  4 shadow dragon skeletons
  7 shining eyes
  An iron dragon zombie (Depths:3)
  43 wolf spiders
  3 salamanders (Geh:2)
  9 orc sorcerers
  22 cyclopes
  6 fauns
  19 orb spiders
  4 hornets
  12 manticores
  29 ugly things
  5 fire giant zombies
  5 apis skeletons
  5 iron dragon skeletons
  2 sixfirhies (Depths:2)
  37 moths of wrath
  2 frost giant skeletons
  7 rust devils
  2 ice statues (Hell)
  An octopode (shapeshifter) (Depths:3)
  3 black mambas
  A water nymph (shapeshifter) (Vaults:5)
  4 fire giant skeletons
  4 water nymphs
  9 sirens
  3 elephants
  17 vault sentinels
  6 centaur zombies
  17 spiny frogs
  3 torpor snails
  4 stone giant skeletons
  5 centaur skeletons
  3 smoke demons
  4 orange demons
  6 hellions
  A shock serpent skeleton (Geh:1)
  3 gargoyles
  6 efreet
  2 eyes of devastation
  2 rime drakes (Lair:6)
  A storm dragon simulacrum (Vaults:3)
  A molten gargoyle (Hell)
  3 kobold demonologists (D:15)
  A red draconian zombie (Crypt:2)
  9 freezing wraiths
  3 dire elephant skeletons
  An ice devil (Depths:1)
  3 tormentors
  An anaconda simulacrum (Hell)
  3 komodo dragons
  38 yaktaurs
  14 demonic crawlers
  38 guardian mummies
  A hellwing (Depths:1)
  A black draconian skeleton (Crypt:2)
  3 tengu conjurers
  2 jumping spiders (shapeshifter)
  11 red devils
  8 trolls
  2 wind drakes
  A death yak skeleton (Crypt:1)
  A catoblepas skeleton (Tomb:3)
  A queen bee (shapeshifter) (Depths:1)
  11 polar bears
  16 blink frogs
  A hydra zombie (Hell)
  A sphinx simulacrum (Vaults:3)
  173 slime creatures
  41 jumping spiders
  33 merfolk
  13 two-headed ogres
  4 giant leeches
  A troll (shapeshifter) (Vaults:1)
  22 ushabtiu
  3 bog bodies (Crypt:1)
  A slime creature (shapeshifter) (Vaults:4)
  3 harpy skeletons
  4 ettin zombies
  An alligator zombie (Tomb:1)
  5 fire dragon zombies
  7 snapping turtles
  10 boulder beetles
  A hydra skeleton (Hell)
  A blink frog (shapeshifter) (Depths:4)
  2 raiju (shapeshifter)
  4 raiju (Lair:8)
  3 ice dragon zombies
  54 flying skulls
  A vampire (D:13)
  5 air elementals
  A tarantella (shapeshifter) (Depths:4)
  84 redbacks
  4 spriggans
  33 tarantellas
  A spriggan (shapeshifter) (Vaults:2)
  A spriggan skeleton (D:15)
  2 fire dragon skeletons
  24 water elementals
  14 shadows
  A ynoxinul (Zot:5)
  4 alligator skeletons
  7 ettin skeletons
  4 ice dragon skeletons
  19 wraiths
  3 wyverns
  4 fire bats (Geh:2)
  13 hippogriffs
  36 yaks
  28 fire elementals
  A hippogriff (shapeshifter) (Vaults:1)
  A basilisk (Lair:1)
  5 golden eyes
  A wind drake skeleton (Crypt:2)
  2 chaos spawn
  A hungry ghost (D:12)
  24 vampire mosquitoes
  A neqoxec (Orc:2)
  3 elf skeletons
  12 wargs
  4 mottled dragons
  A putrid demonspawn zombie (Crypt:1)
  A soldier ant (Spider:2)
  13 water moccasins
  A hydra simulacrum (Hell)
  31 hell hounds
  3 spiny frog zombies
  11 porcupines
  6 ice beasts
  2 alligator simulacra
  54 orc warriors
  A snapping turtle zombie (Geh:2)
  A slave (D:7)
  16 black bears
  14 necrophages
  7 wasps
  43 ogres
  8 phantoms
  6 eyes of draining
  7 boggarts
  5 sky beasts
  A tengu (shapeshifter) (Vaults:5)
  37 centaurs
  A manticore skeleton (Crypt:1)
  2 human skeletons
  11 wolves
  A snapping turtle skeleton (Geh:2)
  13 crocodiles
  2 elf zombies
  A rime drake skeleton (Crypt:2)
  5 big kobolds
  23 giant frogs
  An earth elemental (Elf:1)
  3 wyvern skeletons
  A hell hound skeleton (Crypt:2)
  5 scorpions
  12 killer bees
  A troll zombie (Geh:1)
  6 howler monkeys
  46 wights
  8 electric eels
  A yak skeleton (Crypt:2)
  11 crimson imps
  A wasp zombie (D:11)
  3 quasits
  2 iron imps
  A gnoll shaman (D:5)
  45 jellies
  30 orc priests
  2 giant frog skeletons
  25 hounds
  32 orc wizards
  10 iguanas
  15 worker ants
  2 killer bee zombies
  43 sheep
  A tengu skeleton (Crypt:3)
  An ogre skeleton (Hell)
  A hound zombie (D:5)
  A howler monkey zombie (D:8)
  50 mummies
  A worker ant zombie (Crypt:2)
  14 adders
  12 gnolls
  81 river rats
  A steam dragon zombie (Crypt:1)
  5 shadow imps
  4 white imps
  20 oozes
  An adder skeleton (D:5)
  An adder zombie (D:8)
  A worm (D:3)
  2 dart slugs (D:2)
  11 giant geckos
  141 orcs
  9 bats
  6 giant cockroaches
  11 goblins
  6 hobgoblins
  17 jackals
  5 quokkas
  5 ball pythons
  2 giant cockroach zombies
  2 giant gecko skeletons (D:5)
  A giant gecko zombie (Crypt:2)
  5 giant newts
  A goblin skeleton (Crypt:1)
  A hobgoblin zombie (Crypt:1)
  7 kobolds
  2 orc skeletons
  A quokka zombie (D:8)
  6 rats
  A river rat skeleton (Crypt:1)
  A spectral orc (D:6)
  A crawling corpse (Elf:3)
  A fire vortex (Geh:2)
  8 lost souls
  3 plants
  2 tentacles (Shoals:4)
3909 creatures vanquished.

Vanquished Creatures (collateral kills)
  Khufu (Tomb:2)
  An ancient lich (Zot:5)
  A greater mummy (Tomb:2)
  2 Killer Klowns (Zot:5)
  2 Orb Guardians (Zot:5)
  A deep elf master archer (Tomb:1)
  A fire giant (Geh:2)
  2 frost giants
  A stone giant (Tomb:1)
  A bennu (Tomb:1)
  A red draconian (Zot:5)
  A white draconian (Tomb:1)
  A skeletal warrior (Tomb:1)
  2 death scarabs (Tomb:1)
  A deep elf mage (Tomb:1)
  3 ushabtiu
  A flying skull (Tomb:2)
  2 mummies (Tomb:1)
25 creatures vanquished.

Vanquished Creatures (others)
  Nikola (Elf:1)
  5 deep elf master archers
  An eldritch tentacle (Geh:2)
  A revenant (Tomb:2)
  A fire giant (Depths:4)
  A draconian scorcher (Zot:1)
  2 frost giants
  6 stone giants
  A green draconian (Tomb:1)
  A merfolk javelineer (Shoals:1)
  A yaktaur captain (Vaults:3)
  3 centaur warriors
  2 satyrs
  A merfolk aquamancer (Shoals:3)
  2 hell hogs (Geh:2)
  2 deep elf knights (Elf:1)
  4 death scarabs (Tomb:1)
  A wolf spider zombie (Tomb:2)
  9 deep elf archers
  A deep elf mage (Elf:3)
  4 cyclopes
  7 yaktaurs
  A two-headed ogre (Zot:3)
  A polar bear (Lair:8)
  An ushabti (Tomb:2)
  A boulder beetle (D:7)
  A frost giant simulacrum (Tomb:3)
  A fire giant simulacrum (Tomb:3)
  6 flying skulls
  A water elemental (Shoals:3)
  A fire elemental (Geh:3)
  A merfolk zombie (Tomb:3)
  3 slaves (D:7)
  6 centaurs
  2 boggarts
  7 mummies
  A ball lightning (Tomb:2)
  2 orcs (D:7)
  A quokka (D:8)
  89 eldritch tentacle segments (Geh:2)
  12 fungi
  8 lost souls
  47 plants
  7 tentacles (Shoals:4)
  113 tentacle segments (Shoals:4)
  7 withered plants (D:15)
377 creatures vanquished.

Grand Total: 4311 creatures vanquished

Notes
Turn   | Place    | Note
--------------------------------------------------------------
     0 | D:1      | kaze the Ogre Fighter began the quest for the Orb.
     0 | D:1      | Reached XP level 1. HP: 24/24 MP: 1/1
   106 | D:1      | Reached XP level 2. HP: 32/32 MP: 2/2
   659 | D:1      | Reached XP level 3. HP: 39/39 MP: 3/3
  1180 | D:2      | Reached XP level 4. HP: 35/49 MP: 4/4
  1525 | D:2      | Found a faded altar to an unknown god.
  1762 | D:2      | Found an iron altar of Okawaru.
  2117 | D:3      | Reached XP level 5. HP: 46/55 MP: 5/5
  2220 | D:2      | Became a worshipper of Warmaster Okawaru
  2470 | D:3      | Reached skill level 5 in Fighting
  3077 | D:4      | Reached skill level 5 in Maces & Flails
  3202 | D:4      | Noticed a phantom
  3240 | D:4      | Killed a phantom
  3240 | D:4      | Reached XP level 6. HP: 16/66 MP: 6/6
  3488 | D:4      | Noticed a phantom
  3703 | D:4      | Killed a phantom
  3703 | D:4      | Reached * piety under Okawaru
  3837 | D:4      | Reached XP level 7. HP: 28/74 MP: 7/7
  4206 | D:4      | Reached skill level 6 in Fighting
  4457 | D:4      | Reached skill level 5 in Shields
  6255 | D:4      | Reached skill level 1 in Invocations
  6255 | D:4      | Reached XP level 8. HP: 64/84 MP: 8/8
  6465 | D:5      | Entered Level 5 of the Dungeon
  6696 | D:5      | Reached ** piety under Okawaru
  6742 | D:5      | Reached skill level 7 in Fighting
  7473 | D:6      | Found a shattered altar of Ashenzari.
  7473 | D:6      | Found an oddly glowing altar of Pakellas.
  7652 | D:6      | Reached XP level 9. HP: 79/94 MP: 7/10
  7698 | D:6      | Found a staircase to the Ecumenical Temple.
  7862 | D:6      | Found a basalt altar of Yredelemnul.
  8088 | D:6      | Reached skill level 8 in Fighting
  8152 | D:6      | Reached *** piety under Okawaru
  8152 | D:6      | Reached skill level 10 in Maces & Flails
  8669 | D:6      | Gained mutation: You have a pair of small antennae on your head. [potion of mutation]
  8669 | D:6      | Gained mutation: You are surrounded by a mild repulsion field (EV +2). [potion of mutation]
  8669 | D:6      | Gained mutation: You have large cloven feet. [potion of mutation]
  9296 | D:7      | Noticed Pikel
  9316 | D:7      | Killed Pikel
  9374 | D:7      | Found a radiant altar of Vehumet.
  9405 | D:7      | Found an oddly glowing altar of Pakellas.
  9440 | D:7      | Reached **** piety under Okawaru
  9595 | D:7      | Reached XP level 10. HP: 102/106 MP: 11/11
  9604 | D:7      | Reached skill level 9 in Fighting
  9907 | D:7      | Found a glowing silver altar of Zin.
 10163 | D:8      | Found a staircase to the Lair.
 10228 | D:8      | Got a bloodstained trident {antimagic}
 10229 | D:8      | Identified the cursed +1 trident of Eguu {antimagic, rElec MP+9 Str+8 Int-2} (You took it off a crimson imp on level 8 of the Dungeon)
 11941 | D:9      | Found Nabucuco's Food Shoppe.
 12099 | D:9      | Found a glowing golden altar of the Shining One.
 12269 | D:9      | Noticed Erica
 12282 | D:9      | Killed Erica
 12514 | D:10     | Entered Level 10 of the Dungeon
 12566 | D:10     | Found a staircase to the Orcish Mines.
 12588 | D:10     | Reached skill level 10 in Fighting
 13231 | D:10     | Reached XP level 11. HP: 90/117 MP: 12/12
 13601 | D:10     | Killed an unseen horror
 13601 | D:10     | Reached ***** piety under Okawaru
 13854 | D:10     | Gained mutation: Your spells are a little harder to cast, but a little more powerful. [potion of beneficial mutation]
 13882 | D:10     | Reached skill level 1 in Evocations
 13951 | D:10     | Noticed a two-headed hydra
 13963 | D:10     | Killed a two-headed hydra
 14017 | D:10     | Reached skill level 10 in Shields
 14228 | D:11     | Received a gift from Okawaru
 14229 | D:11     | Got an ichor-stained robe {god gift}
 14240 | D:11     | Identified the +1 robe of the Hundredfold Wars {+Blink Int+4} (Okawaru gifted it to you on level 11 of the Dungeon)
 14254 | D:11     | Noticed Maud
 14271 | D:11     | Killed Maud
 14756 | D:11     | Found a portal to a secret trove of treasure.
 14830 | D:11     | Noticed Josephine
 14853 | D:11     | Killed Josephine
 14961 | D:11     | Noticed Urug
 14961 | D:11     | Noticed a hill giant
 14973 | D:11     | Killed a hill giant
 14973 | D:11     | Reached skill level 11 in Fighting
 14973 | D:11     | Reached XP level 12. HP: 106/130 MP: 7/15
 14981 | D:11     | Killed Urug
 15511 | D:11     | Reached skill level 5 in Dodging
 15662 | D:12     | Reached skill level 5 in Invocations
 16123 | D:12     | Gained mutation: Your body sometimes deteriorates upon taking damage. [mutagenic meat]
 16532 | D:13     | Received a gift from Okawaru
 17156 | D:13     | Reached skill level 5 in Throwing
 17266 | Lair:1   | Entered Level 1 of the Lair of Beasts
 17696 | D:13     | Learned a level 3 spell: Conjure Flame
 17854 | D:13     | Reached skill level 1 in Spellcasting
 17905 | D:13     | Reached ****** piety under Okawaru
 17905 | D:13     | Reached skill level 1 in Conjurations
 17910 | D:13     | Reached skill level 1 in Fire Magic
 18091 | D:13     | Reached XP level 13. HP: 137/137 MP: 17/17
 18287 | D:14     | Found a white marble altar of Elyvilon.
 18447 | D:14     | Received a gift from Okawaru
 18562 | D:14     | Found a gate to the Vaults.
 18779 | D:14     | Found Xijuen's Book Shop.
 20053 | D:15     | Entered Level 15 of the Dungeon
 20069 | D:15     | Found a viscous altar of Jiyva.
 20218 | D:15     | Received a gift from Okawaru
 20343 | D:15     | Noticed an ogre mage
 20368 | D:14     | Received a gift from Okawaru
 21224 | Lair:1   | Reached skill level 5 in Spellcasting
 21909 | Lair:1   | Received a gift from Okawaru
 22365 | Lair:2   | Noticed Gastronok
 22541 | Lair:2   | Killed Gastronok
 22695 | Lair:2   | Noticed Nergalle
 22727 | Lair:2   | Killed Nergalle
 23144 | Lair:3   | Received a gift from Okawaru
 23145 | Lair:3   | Got a jewelled eveningstar {god gift}
 23146 | Lair:3   | Identified the +1 eveningstar "Jellybane" {holy, rF+ rC+ Str+2} (Okawaru gifted it to you on level 3 of the Lair of Beasts)
 23890 | Lair:3   | Reached skill level 15 in Maces & Flails
 23950 | Lair:3   | Found a hole to the Spider Nest.
 23973 | Lair:3   | Reached XP level 14. HP: 121/148 MP: 21/21
 24675 | Lair:4   | Reached skill level 12 in Fighting
 25041 | Lair:4   | Noticed Harold
 25057 | Lair:4   | Killed Harold
 26155 | Lair:5   | Received a gift from Okawaru
 26784 | Lair:5   | Gained mutation: You are partially covered in rugged brown scales (AC +1, +3% HP). [potion of mutation]
 27488 | Lair:6   | Received a gift from Okawaru
 27980 | Lair:6   | Received a gift from Okawaru
 28293 | Lair:6   | Found a staircase to the Shoals.
 28607 | Lair:6   | Received a gift from Okawaru
 30429 | Lair:7   | Found a viscous altar of Jiyva.
 30429 | Lair:7   | Found a staircase to the Slime Pits.
 30583 | Lair:8   | Entered Level 8 of the Lair of Beasts
 30862 | Lair:7   | Reached XP level 15. HP: 132/162 MP: 20/22
 31017 | Lair:8   | Reached skill level 5 in Fire Magic
 31136 | Lair:8   | Received a gift from Okawaru
 31259 | Lair:7   | Reached skill level 5 in Conjurations
 31587 | Lair:8   | Reached skill level 13 in Fighting
 31789 | Lair:8   | Received a gift from Okawaru
 32077 | Lair:8   | Got a heavily runed storm dragon armour
 32088 | Lair:8   | Identified the +10 storm dragon armour of Sif Muna's Regard {rElec Stlth+} (You found it on level 8 of the Lair of Beasts)
 32214 | Lair:8   | Reached skill level 1 in Armour
 32513 | Orc:1    | Entered Level 1 of the Orcish Mines
 32550 | Orc:2    | Entered Level 2 of the Orcish Mines
 32686 | Orc:2    | Found a staircase to the Elven Halls.
 32801 | Orc:2    | Found a roughly hewn altar of Beogh.
 32930 | Orc:2    | Found Egryin's Magic Scroll Boutique.
 32941 | Orc:2    | Found Caqipnos's Magic Scroll Shop.
 33230 | Orc:1    | Upgraded the game from 0.18-b1-22-ge198996 to 0.18.0-1-g0107ab7
 33637 | Orc:2    | Paralysed by an orc sorcerer for 5 turns
 33745 | Orc:2    | Found Poblyeta's Antique Armour Shoppe.
 33745 | Orc:2    | Found Ryorr's Gadget Emporium.
 33751 | Orc:2    | Found a one-way gate leading to the halls of Pandemonium.
 33809 | Orc:2    | Noticed Rupert
 33836 | Orc:2    | Killed Rupert
 33836 | Orc:2    | Reached XP level 16. HP: 104/175 MP: 17/23
 34451 | Orc:2    | Bought a scroll of acquirement for 832 gold pieces
 34452 | Orc:2    | Got a coiled sapphire amulet
 34454 | Orc:2    | Identified the amulet of the Jolly Deaths {RegenMP MR+ Str+4 Int+6} (You acquired it on level 2 of the Orcish Mines)
 34509 | Orc:1    | Found Kydyhyle's Book Shop.
 35062 | D:14     | Reached skill level 5 in Evocations
 35192 | D:15     | Received a gift from Okawaru
 35192 | D:15     | Reached skill level 5 in Armour
 35216 | D:15     | Received a gift from Okawaru
 35302 | D:15     | Found a shadowy altar of Dithmenos.
 35463 | D:15     | Received a gift from Okawaru
 35528 | D:15     | Found a staircase to the Depths.
 35778 | D:15     | Noticed Azrael
 35801 | D:15     | Killed Azrael
 35812 | D:15     | Got an iridescent war axe
 35894 | D:15     | Identified the +5 war axe of Ash {holy, rPois rF+ Dex-4} (You found it on level 15 of the Dungeon)
 35951 | D:15     | Gained mutation: You possess an exceptional clarity of mind. [mutagenic meat]
 36178 | Elf:1    | Entered Level 1 of the Elven Halls
 36267 | Elf:1    | Received a gift from Okawaru
 37106 | Elf:1    | Noticed Aizul
 37121 | Elf:1    | Noticed a Tzitzimitl
 37135 | Elf:1    | Killed Aizul
 37480 | Elf:1    | Identified the Grimoire of the Entourage
 37516 | Elf:1    | Found Ruvvin's Weapon Shop.
 37715 | Elf:1    | Found Redupn's Antique Weapon Emporium.
 37731 | Elf:1    | Received a gift from Okawaru
 37851 | Elf:1    | Found Maytha Erro's Armour Emporium.
 37919 | Elf:1    | Found Neokkap's Distillery.
 37926 | Elf:1    | Bought a potion of beneficial mutation for 455 gold pieces
 37926 | Elf:1    | Bought a potion of heal wounds for 65 gold pieces
 37926 | Elf:1    | Gained mutation: You have hoof-like feet. [potion of beneficial mutation]
 37945 | Elf:1    | Learned a level 1 spell: Summon Small Mammal
 38119 | Elf:1    | Noticed Nikola
 38140 | Elf:1    | Killed Nikola
 38140 | Elf:1    | Reached skill level 1 in Summonings
 38140 | Elf:1    | Reached XP level 17. HP: 159/183 MP: 19/24
 38936 | Elf:2    | Found a runed gate.
 38938 | Elf:2    | Found a runed gate.
 38941 | Elf:2    | Found a runed gate.
 39794 | Elf:2    | Received a gift from Okawaru
 40337 | Elf:3    | Entered Level 3 of the Elven Halls
 40778 | Elf:3    | Reached skill level 5 in Summonings
 41428 | Elf:3    | Reached skill level 15 in Shields
 41654 | Elf:3    | Noticed a deep elf blademaster
 41683 | Elf:3    | Killed a deep elf blademaster
 41683 | Elf:3    | Reached XP level 18. HP: 149/192 MP: 25/25
 42708 | Shoals:1 | Entered Level 1 of the Shoals
 42739 | Shoals:1 | Reached skill level 10 in Armour
 42838 | Shoals:1 | Got a shadowed robe
 42841 | Shoals:1 | Identified the cursed +0 robe of Rationality {rF+ rC+ Stlth+} (You found it on level 1 of the Shoals)
 43436 | Shoals:1 | Received a gift from Okawaru
 44365 | Shoals:1 | Reached skill level 14 in Fighting
 44478 | Shoals:1 | Found Poorhekk's Antique Weapon Shop.
 44486 | Shoals:1 | Bought a slimy flail for 289 gold pieces
 44486 | Shoals:1 | Identified the +3 flail "Athraxt" {crush, +Fly rF+ Str+7 Stlth-} (You bought it in a shop on level 1 of the Shoals)
 44728 | Shoals:1 | Received a gift from Okawaru
 46232 | Lair:1   | Learned a level 1 spell: Summon Butterflies
 46399 | Elf:3    | Noticed a Hell Sentinel
 46613 | Elf:3    | Noticed a deep elf master archer
 46746 | Elf:3    | Noticed an Ice Fiend
 47134 | Elf:3    | Killed a deep elf master archer
 47675 | Elf:3    | Gained mutation: You are clumsy. (Dex -2) [a cacodemon]
 47972 | Elf:3    | Reached skill level 15 in Fighting
 47972 | Elf:3    | Reached skill level 10 in Dodging
 48096 | Elf:3    | Got a translucent short sword {speed}
 48097 | Elf:3    | Identified the +9 short sword "Vamo" {speed, MR+} (You took it off a deep elf mage on level 3 of the Elven Halls)
 48217 | Elf:3    | Gained mutation: Potions and wands are less effective at restoring your health. [a neqoxec]
 48622 | Lair:1   | Lost mutation: Your body sometimes deteriorates upon taking damage. [potion of cure mutation]
 48622 | Lair:1   | Lost mutation: You are clumsy. (Dex -2) [potion of cure mutation]
 48622 | Lair:1   | Lost mutation: Your spells are a little harder to cast, but a little more powerful. [potion of cure mutation]
 48622 | Lair:1   | Lost mutation: You possess an exceptional clarity of mind. [potion of cure mutation]
 48622 | Lair:1   | Lost mutation: You are surrounded by a mild repulsion field (EV +2). [potion of cure mutation]
 48632 | Lair:1   | Got a smoking cloak
 48643 | Lair:1   | Identified the +0 cloak of True Grit {rElec Regen+ Int+3} (You acquired it on level 1 of the Lair of Beasts)
 48859 | Elf:3    | Noticed a deep elf blademaster
 48867 | Elf:3    | Noticed a deep elf master archer
 48897 | Elf:3    | Killed a deep elf master archer
 48898 | Elf:3    | Killed a deep elf blademaster
 48905 | Elf:3    | Got a dazzling fire dragon armour
 48963 | Elf:3    | Identified the +2 fire dragon armour of Peek-a-Boo {rF++ rC- Slay+2} (You found it on level 3 of the Elven Halls)
 48981 | Elf:3    | Reached XP level 19. HP: 179/207 MP: 26/26
 49073 | Elf:3    | Received a gift from Okawaru
 49857 | Shoals:2 | Noticed Roxanne
 49907 | Shoals:2 | Killed Roxanne
 50122 | Shoals:2 | Identified Roxanne's Tome of Changing (You took it off Roxanne on level 2 of the Shoals)
 50189 | Shoals:2 | Found Tisotso's Antique Armour Shoppe.
 50609 | Shoals:3 | Got a bloodstained dagger
 50610 | Shoals:3 | Identified the cursed +1 dagger "Nozi" {pierce, -Tele rElec rC+} (You found it on level 3 of the Shoals)
 50735 | Shoals:3 | Identified Fudiarph's Grimoire of Earthen Fire
 51070 | Shoals:4 | Entered Level 4 of the Shoals
 51109 | Shoals:4 | Got a smoking robe
 51132 | Shoals:3 | Identified the cursed +1 robe "Zemiw" {MR+ MP+9} (You found it on level 4 of the Shoals)
 51540 | Shoals:4 | Noticed Ilsuiw
 51907 | Shoals:3 | Reached skill level 16 in Fighting
 52033 | Shoals:3 | Killed Ilsuiw
 52404 | Shoals:4 | Found Haxt's Distillery.
 52588 | Shoals:4 | Got a barnacled rune of Zot
 52714 | Shoals:4 | Received a gift from Okawaru
 52846 | Shoals:4 | Got an encrusted flail
 52847 | Shoals:4 | Identified the +8 flail of Xoekin {venom, MP+9} (You found it on level 4 of the Shoals)
 53189 | Shoals:4 | Received a gift from Okawaru
 53368 | Shoals:4 | Got a smoking great sword
 53369 | Shoals:4 | Identified the +3 great sword of the Wheel {slice, MP+9 Dex+3} (You found it on level 4 of the Shoals)
 53932 | Spider:1 | Entered Level 1 of the Spider Nest
 54074 | Spider:1 | Received a gift from Okawaru
 54931 | Spider:2 | Reached XP level 20. HP: 223/223 MP: 27/27
 55183 | Spider:2 | Noticed Agnes
 55199 | Spider:2 | Killed Agnes
 55308 | Spider:2 | Reached skill level 17 in Fighting
 55334 | Spider:2 | Got a heavy robe
 55345 | Spider:2 | Identified the cursed +1 robe "Divonoz" {Dex+3} (You found it on level 2 of the Spider Nest)
 56510 | Spider:3 | Gained mutation: Your natural rate of healing is unusually fast. [potion of mutation]
 56510 | Spider:3 | Gained mutation: You are somewhat resistant to further mutation. [potion of mutation]
 56874 | Spider:3 | Noticed Arachne
 56917 | Spider:2 | Killed Arachne
 57618 | Spider:4 | Entered Level 4 of the Spider Nest
 57618 | Spider:4 | Noticed Mara
 57812 | Spider:4 | Upgraded the game from 0.18.0-1-g0107ab7 to 0.18.1-1-g2f07953
 58063 | Spider:3 | Reached skill level 10 in Throwing
 58090 | Spider:4 | Noticed kaze's illusion
 58182 | Spider:4 | Killed Mara
 58182 | Spider:4 | Received a gift from Okawaru
 59338 | Spider:4 | Reached XP level 21. HP: 205/234 MP: 28/28
 59455 | Spider:4 | Got a gossamer rune of Zot
 60151 | Vaults:1 | Entered Level 1 of the Vaults
 60183 | Vaults:1 | Reached skill level 18 in Fighting
 60536 | Vaults:1 | Received a gift from Okawaru
 62042 | Vaults:2 | Found a staircase to the Crypt.
 62107 | Vaults:2 | Found Judy's General Store.
 62470 | Vaults:2 | Found Seguiq's Book Shoppe.
 62528 | Vaults:2 | Found a glowing golden altar of the Shining One.
 62642 | Vaults:2 | Found Genar's Magic Scroll Emporium.
 62646 | Vaults:2 | Received a gift from Okawaru
 62859 | Vaults:2 | Found Vehepu's Book Emporium.
 62890 | Vaults:2 | Bought a scroll of acquirement for 1196 gold pieces
 62895 | Vaults:2 | Got a faintly glowing platinum ring
 62897 | Vaults:2 | Identified the ring of Xom's Malicious Joy {*Corrode rPois Str-3 Int+10 Dex+2} (You acquired it on level 2 of the Vaults)
 63188 | Vaults:3 | Gained mutation: You possess an exceptional clarity of mind. [potion of mutation]
 63537 | Vaults:3 | Received a gift from Okawaru
 63541 | Vaults:3 | Reached XP level 22. HP: 177/247 MP: 29/29
 63754 | Vaults:3 | Received a gift from Okawaru
 64024 | Vaults:3 | Noticed Frances
 64024 | Vaults:3 | Noticed Sojobo
 64024 | Vaults:3 | Noticed Wiglaf
 64167 | Vaults:2 | Killed Wiglaf
 64285 | Vaults:3 | Killed Frances
 64475 | Vaults:3 | Reached skill level 15 in Armour
 64530 | Vaults:3 | Noticed Margery
 64638 | Vaults:3 | Killed Margery
 64748 | Vaults:3 | Found Oklag's Distillery.
 64868 | Vaults:3 | Killed Sojobo
 65322 | Vaults:4 | Received a gift from Okawaru
 65990 | Vaults:4 | Reached skill level 19 in Fighting
 66138 | Vaults:4 | Reached skill level 10 in Evocations
 66493 | Vaults:4 | Received a gift from Okawaru
 66910 | Lair:1   | Upgraded the game from 0.18.1-1-g2f07953 to 0.18.1-5-g4a78601
 66961 | Lair:1   | Learned a level 2 spell: Swiftness
 67109 | Depths:1 | Entered Level 1 of the Depths
 67190 | Depths:1 | Found Moaraz's Food Shoppe.
 67306 | Depths:1 | Received a gift from Okawaru
 67361 | Depths:1 | Reached skill level 1 in Charms
 67436 | Depths:1 | Reached XP level 23. HP: 225/259 MP: 30/30
 67764 | Depths:1 | Reached skill level 1 in Air Magic
 67933 | Depths:1 | Found a gateway to Hell.
 68109 | Depths:1 | Received a gift from Okawaru
 68280 | Depths:1 | Found a corrupted altar of Lugonu.
 68465 | Depths:1 | Found a one-way gate to the infinite horrors of the Abyss.
 68763 | Depths:1 | Received a gift from Okawaru
 70314 | Depths:3 | Found Lulepic's Distillery.
 70326 | Depths:3 | Bought 2 potions of heal wounds for 180 gold pieces
 70648 | Depths:3 | Found a gateway to a ziggurat.
 70883 | Depths:3 | Reached XP level 24. HP: 268/268 MP: 32/32
 71651 | Depths:3 | Received a gift from Okawaru
 71710 | Depths:3 | Reached skill level 15 in Throwing
 71945 | Depths:3 | Noticed a juggernaut
 71956 | Depths:3 | Killed a juggernaut
 72810 | Lair:1   | Learned a level 5 spell: Fireball
 73563 | Depths:4 | Got a faintly glowing zirconium amulet
 73565 | Depths:4 | Identified the amulet of Suicidal Tendencies {Faith rC- rN++ Dex+3} (You acquired it on level 4 of the Depths)
 74029 | Depths:4 | Got a translucent morningstar {drain}
 74030 | Depths:4 | Identified the cursed +0 morningstar "Kusebod" {drain, *Corrode rN+ MR+} (You took it off an ogre mage on level 4 of the Depths)
 74076 | Depths:4 | Reached XP level 25. HP: 251/277 MP: 33/33
 74660 | Depths:5 | Entered Level 5 of the Depths
 74660 | Depths:5 | Noticed a juggernaut
 74678 | Depths:4 | Killed a juggernaut
 74811 | Depths:4 | Received a gift from Okawaru
 75582 | Depths:5 | Found a gateway to a bazaar.
 75597 | Bazaar   | Entered a bazaar
 75597 | Bazaar   | Found Wiomp's General Store.
 75607 | Bazaar   | Found Xeisaso's Jewellery Boutique.
 75618 | Bazaar   | Found Xied's Antique Weapon Shoppe.
 75626 | Bazaar   | Found Eptusex's Antique Armour Shoppe.
 75637 | Bazaar   | Found Raocamm's Magic Scroll Boutique.
 75677 | Bazaar   | Bought the ring of Fezoiliv {+Fly rPois rF- Int+7 Slay+4} for 425 gold pieces
 75677 | Bazaar   | Bought the ring "Peaxzyis" {Wiz rPois MR+++ MP-9 Str-4} for 352 gold pieces
 75959 | Depths:5 | Found a gate to the Realm of Zot.
 75986 | Depths:5 | Received a gift from Okawaru
 76615 | Depths:5 | Noticed a juggernaut
 76627 | Depths:5 | Killed a juggernaut
 76627 | Depths:5 | Received a gift from Okawaru
 77418 | Lair:1   | Learned a level 6 spell: Bolt of Fire
 77684 | Crypt:1  | Entered Level 1 of the Crypt
 77703 | Crypt:1  | Noticed Xtahua
 77711 | Crypt:1  | Killed Xtahua
 77759 | Crypt:1  | Received a gift from Okawaru
 77847 | Crypt:1  | Noticed Jory
 77855 | Crypt:1  | Killed Jory
 78030 | Crypt:1  | Noticed Saint Roka
 78054 | Crypt:1  | Killed Saint Roka
 78229 | Crypt:1  | Reached XP level 26. HP: 287/287 MP: 33/33
 78848 | Crypt:2  | Noticed Donald
 78892 | Crypt:1  | Killed Donald
 79258 | Crypt:2  | Found a basalt altar of Yredelemnul.
 79589 | Crypt:3  | Entered Level 3 of the Crypt
 80258 | Crypt:3  | Received a gift from Okawaru
 80288 | Crypt:3  | Found a staircase to the Tomb.
 80317 | Crypt:3  | Got a shadowed robe
 80318 | Crypt:3  | Identified the cursed +0 robe "Lehipeh" {-Cast MR- Int+4 Slay+5} (You found it on level 3 of the Crypt)
 80493 | Crypt:3  | Noticed an ancient lich
 80507 | Crypt:3  | Killed an ancient lich
 80512 | Crypt:3  | Found a basalt altar of Yredelemnul.
 80643 | Crypt:3  | Got a scintillating marble ring
 80643 | Crypt:3  | Got a translucent lapis lazuli ring
 81021 | Lair:1   | Identified the ring of Pakellas's Favour {rN+ MR+ Str+7 Int-4 Dex+4} (You found it on level 3 of the Crypt)
 81022 | Lair:1   | Identified the ring "Ydeyk" {rN+ Int+4} (You found it on level 3 of the Crypt)
 81713 | Slime:1  | Entered Level 1 of the Pits of Slime
 81721 | Slime:1  | Received a gift from Okawaru
 82041 | Lair:7   | Reached skill level 20 in Fighting
 82396 | Slime:2  | Received a gift from Okawaru
 82879 | Slime:3  | Received a gift from Okawaru
 83408 | Slime:4  | Reached XP level 27. HP: 298/298 MP: 33/33
 83828 | Slime:5  | Noticed Mulkerokala's ghost (legendary OpAr)
 83850 | Slime:5  | Killed Mulkerokala's ghost
 85122 | Slime:6  | Entered Level 6 of the Pits of Slime
 85458 | Slime:6  | Found a viscous altar of Jiyva.
 85480 | Slime:6  | Noticed the Royal Jelly
 85507 | Slime:6  | Killed the Royal Jelly
 85774 | Slime:6  | Was placed under penance by Okawaru
 86544 | Slime:6  | Reached skill level 21 in Fighting
 86560 | Slime:6  | Got a slimy rune of Zot
 86652 | Slime:6  | Identified a +0 rod of shadows (10/10) (You found it on level 6 of the Pits of Slime)
 86759 | Slime:6  | Got a twitching jade amulet
 86770 | Slime:6  | Got a pitted mace
 86771 | Slime:6  | Identified the cursed +1 mace "Jokhi" {flame, rElec Str+4 Int+4} (You found it on level 6 of the Pits of Slime)
 87041 | Lair:1   | Identified an amulet "Quoc" {Spirit rF+ Int+5 Dex-3} (You found it on level 6 of the Pits of Slime)
 87383 | Hell     | Entered the Vestibule of Hell
 87383 | Hell     | Noticed Geryon
 87514 | Hell     | Killed Geryon
 87514 | Hell     | Was forgiven by Okawaru
 87584 | Hell     | Noticed an ancient lich
 87600 | Hell     | Killed an ancient lich
 87600 | Hell     | Reached skill level 15 in Dodging
 87786 | Hell     | Found a gateway to the decaying netherworld of Tartarus.
 88027 | Hell     | Found a gateway to the freezing wastes of Cocytus.
 88231 | Hell     | Found a gateway to the Iron City of Dis.
 88345 | Hell     | Found a gateway to the ashen valley of Gehenna.
 88708 | Depths:4 | Received a gift from Okawaru
 88757 | Zot:1    | Entered Level 1 of the Realm of Zot
 88886 | Zot:1    | Received a gift from Okawaru
 88945 | Zot:1    | Got a pitted quarterstaff
 88946 | Zot:1    | Identified the +9 quarterstaff of Wyrd {pain, MP+9} (You found it on level 1 of the Realm of Zot)
 89116 | Zot:1    | Reached skill level 22 in Fighting
 89141 | Zot:1    | Received a gift from Okawaru
 89184 | Zot:1    | Received a gift from Okawaru
 89308 | Zot:1    | Received a gift from Okawaru
 89312 | Zot:1    | Got a shadowed robe {god gift}
 89473 | Zot:1    | Identified the +1 robe of Sorcery {rPois Regen+ MP+9} (Okawaru gifted it to you on level 1 of the Realm of Zot)
 89542 | Zot:1    | Got a slimy granite ring
 89545 | Zot:1    | Identified the ring "Wofog" {+Inv rF+ rN+ Str-2} (You found it on level 1 of the Realm of Zot)
 89575 | Zot:1    | Got an ancient granite ring
 89578 | Zot:1    | Identified the ring "Gorghoko" {rPois rF+ Str-3 Dex+3} (You found it on level 1 of the Realm of Zot)
 89911 | Zot:1    | Reached skill level 23 in Fighting
 90457 | Zot:2    | Reached skill level 24 in Fighting
 91196 | Zot:3    | Received a gift from Okawaru
 91471 | Zot:3    | Reached skill level 25 in Fighting
 91586 | Zot:3    | Received a gift from Okawaru
 92334 | Zot:3    | Received a gift from Okawaru
 92344 | Zot:3    | Reached skill level 26 in Fighting
 93375 | Vaults:5 | Entered Level 5 of the Vaults
 93407 | Vaults:5 | Received a gift from Okawaru
 93417 | Vaults:5 | Reached skill level 27 in Fighting
 93427 | Vaults:5 | Received a gift from Okawaru
 93527 | Vaults:5 | Received a gift from Okawaru
 93714 | Vaults:5 | Received a gift from Okawaru
 93901 | Vaults:5 | Received a gift from Okawaru
 93978 | Vaults:5 | Got a heavily runed pewter ring
 94155 | Vaults:5 | Received a gift from Okawaru
 94159 | Vaults:5 | Got a brightly glowing giant spiked club {god gift}
 94160 | Vaults:5 | Identified the +5 giant spiked club of the Shoals {crush, *Confuse MR+ Str+2} (Okawaru gifted it to you on level 5 of the Vaults)
 94184 | Vaults:5 | Identified the ring "Zoxietank" {rPois rC+ AC+2 Str+2 Stlth+} (You took it off a vault sentinel on level 5 of the Vaults)
 94231 | Vaults:5 | Noticed an ancient lich
 94241 | Vaults:5 | Killed an ancient lich
 94634 | Vaults:5 | Reached skill level 10 in Fire Magic
 95729 | Vaults:5 | Got a silver rune of Zot
 96341 | D:9      | Fell from the grace of Okawaru
 96341 | D:9      | Became a worshipper of the Shining One
 97010 | Geh:1    | Entered Level 1 of Gehenna
 97022 | Hell     | Reached * piety under the Shining One
 97402 | Geh:1    | Reached ** piety under the Shining One
 97489 | Geh:2    | Reached *** piety under the Shining One
 97657 | Geh:1    | Reached **** piety under the Shining One
 97841 | Geh:1    | Reached ***** piety under the Shining One
 98170 | Geh:1    | Reached ****** piety under the Shining One
100318 | Tomb:1   | Entered Level 1 of the Tomb of the Ancients
101021 | Tomb:1   | Noticed a greater mummy
101039 | Tomb:1   | Killed a greater mummy
101835 | Temple   | Entered the Ecumenical Temple
102690 | Tomb:1   | Was forgiven by Okawaru
102717 | Tomb:1   | Reached skill level 10 in Invocations
103053 | Tomb:2   | Noticed a greater mummy
103054 | Tomb:2   | Noticed a greater mummy
103080 | Tomb:2   | Noticed a greater mummy
103082 | Tomb:2   | Noticed a greater mummy
103373 | Tomb:1   | Killed a greater mummy
103499 | Tomb:1   | Killed a greater mummy
103526 | Tomb:1   | Killed a greater mummy
103543 | Tomb:2   | Reached skill level 5 in Air Magic
103687 | Tomb:2   | Killed a greater mummy
103824 | Tomb:2   | Got an ancient morningstar
103825 | Tomb:2   | Identified the +6 morningstar "Godysk" {crush, +Inv} (You acquired it on level 2 of the Tomb of the Ancients)
104067 | Tomb:1   | Noticed a greater mummy
104071 | Tomb:1   | Killed a greater mummy
104114 | Tomb:1   | Noticed a greater mummy
104117 | Tomb:1   | Killed a greater mummy
104119 | Tomb:1   | Noticed a greater mummy
104125 | Tomb:1   | Killed a greater mummy
104130 | Tomb:1   | Noticed a greater mummy
104137 | Tomb:1   | Killed a greater mummy
104233 | Tomb:1   | Noticed a greater mummy
104239 | Tomb:1   | Noticed a greater mummy
104419 | Tomb:1   | Noticed a greater mummy
104423 | Tomb:1   | Noticed a greater mummy
104423 | Tomb:1   | Killed a greater mummy
104430 | Tomb:1   | Killed a greater mummy
104595 | Tomb:1   | Killed a greater mummy
104641 | Tomb:1   | Noticed a greater mummy
104646 | Tomb:1   | Killed a greater mummy
104706 | Tomb:1   | Killed a greater mummy
104725 | Tomb:1   | Noticed a greater mummy
104732 | Tomb:1   | Killed a greater mummy
104736 | Tomb:1   | Noticed a greater mummy
104740 | Tomb:1   | Killed a greater mummy
104761 | Tomb:1   | Noticed a greater mummy
104769 | Tomb:1   | Killed a greater mummy
104869 | Tomb:1   | Noticed a greater mummy
104874 | Tomb:1   | Killed a greater mummy
104914 | Tomb:1   | Noticed a greater mummy
104923 | Tomb:1   | Killed a greater mummy
104926 | Tomb:1   | Noticed a greater mummy
104936 | Tomb:1   | Killed a greater mummy
105067 | Tomb:1   | Noticed a greater mummy
105074 | Tomb:1   | Killed a greater mummy
105075 | Tomb:1   | Noticed a greater mummy
105079 | Tomb:1   | Killed a greater mummy
105084 | Tomb:1   | Noticed a greater mummy
105095 | Tomb:1   | Killed a greater mummy
105276 | Tomb:1   | Noticed a greater mummy
105281 | Tomb:1   | Killed a greater mummy
105284 | Tomb:1   | Noticed a greater mummy
105296 | Tomb:1   | Killed a greater mummy
105412 | Tomb:1   | Noticed a greater mummy
105417 | Tomb:1   | Killed a greater mummy
105630 | Tomb:3   | Entered Level 3 of the Tomb of the Ancients
105890 | Tomb:3   | Noticed a greater mummy
106065 | Tomb:3   | Noticed a greater mummy
106070 | Tomb:2   | Killed a greater mummy
106186 | Tomb:3   | Reached skill level 15 in Invocations
106188 | Tomb:3   | Noticed a greater mummy
106327 | Tomb:2   | Killed a greater mummy
106457 | Tomb:2   | Killed a greater mummy
106541 | Tomb:3   | Noticed a greater mummy
106551 | Tomb:3   | Killed a greater mummy
106672 | Tomb:3   | Noticed Khufu
106674 | Tomb:3   | Noticed a greater mummy
106678 | Tomb:3   | Noticed a greater mummy
106853 | Tomb:2   | Killed Khufu
106984 | Tomb:2   | Killed a greater mummy
107059 | Tomb:3   | Killed a greater mummy
107369 | Tomb:3   | Noticed a greater mummy
107410 | Tomb:3   | Killed a greater mummy
107797 | Tomb:3   | Noticed a greater mummy
107802 | Tomb:3   | Killed a greater mummy
107893 | Tomb:3   | Identified a +2 rod of inaccuracy (9/9) (You found it on level 3 of the Tomb of the Ancients)
107944 | Tomb:3   | Identified Receng's Disquisition on the Mutagenic Voyage
107959 | Tomb:3   | Got a transparent trident
107960 | Tomb:3   | Identified the +7 trident of Skirmishing {pierce, rElec} (You found it on level 3 of the Tomb of the Ancients)
107967 | Tomb:3   | Got a flickering emerald amulet
107968 | Tomb:3   | Identified the amulet "Zigram" {Gourm Int+4} (You found it on level 3 of the Tomb of the Ancients)
107983 | Tomb:3   | Got an iridescent broad axe
107984 | Tomb:3   | Identified the +0 broad axe "Joroll" {holy, Stlth+} (You found it on level 3 of the Tomb of the Ancients)
108011 | Tomb:3   | Identified the Papyrus of Conjuration and Ice
108016 | Tomb:3   | Learned a level 3 spell: Portal Projectile
108050 | Tomb:3   | Noticed a greater mummy
108082 | Tomb:3   | Noticed a greater mummy
108089 | Tomb:3   | Killed a greater mummy
108089 | Tomb:3   | Reached skill level 1 in Translocations
108097 | Tomb:3   | Killed a greater mummy
108256 | Tomb:3   | Learned a level 2 spell: Blink
108337 | Tomb:3   | Noticed a greater mummy
108347 | Tomb:3   | Killed a greater mummy
108374 | Tomb:3   | Got a golden rune of Zot
110624 | Zot:5    | Entered Level 5 of the Realm of Zot
110836 | Zot:5    | Reached skill level 5 in Translocations
110871 | Zot:5    | Noticed an ancient lich
111077 | Zot:5    | Noticed an ancient lich
111078 | Zot:5    | Killed an ancient lich
111124 | Zot:5    | Noticed an orb of fire
111132 | Zot:5    | Killed an orb of fire
111169 | Zot:5    | Noticed an orb of fire
111173 | Zot:5    | Gained mutation: You are weak. (Str -2) [an orb of fire]
111177 | Zot:5    | Killed an orb of fire
111343 | Zot:5    | Killed an ancient lich
111447 | Zot:5    | Got the Orb of Zot
111781 | Depths:2 | Noticed Ybujiro the pandemonium lord
111791 | Depths:2 | Killed Ybujiro the pandemonium lord
112028 | D:6      | Noticed a seraph
112168 | D:$      | Escaped with the Orb!

Skill      XL: |  1  2  3  4  5  6  7  8  9 10 11 12 13 14 15 16 17 18 19 20 21 22 23 24 25 26 27 |
---------------+----------------------------------------------------------------------------------+-----
Maces & Flails | 3 4 5 6 7 9 11 13 14 15 16 17 18 19 20 22 | 22.2
Shields        | 3 4 5 6 8 9 10 11 12 13 14 15 17 | 17.9
Dodging        | 3 4 5 7 8 10 11 12 14 17 | 17.7
Fighting       | 5 6 7 8 10 11 12 13 15 16 17 18 19 20 27 | 27.0
Invocations    | 1 2 4 5 19 | 19.0
Evocations     | 2 3 4 6 8 10 | 10.0
Throwing       | 6 7 8 9 10 11 12 14 16 17 18 23 | 23.2
Spellcasting   | 2 5 6 7 8 |  8.6
Conjurations   | 1 3 4 5 6 8 9 |  9.7
Fire Magic     | 1 3 4 5 7 8 9 10 | 10.0
Armour         | 4 7 9 11 12 13 14 15 18 | 18.8
Summonings     | 1 5 |  5.1
Charms         | 1 3 4 |  4.7
Air Magic      | 2 7 |  7.4
Translocations | 7 |  7.7

Action                   |  1- 3 |  4- 6 |  7- 9 | 10-12 | 13-15 | 16-18 | 19-21 | 22-24 | 25-27 || total
-------------------------+-------+-------+-------+-------+-------+-------+-------+-------+-------++-------
Melee: Flail             |    93 |   206 |   287 |       |       |       |       |       |       ||   586
       Punch             |       |       |     2 |       |       |       |       |       |       ||     2
       Giant club        |       |       |    30 |       |       |       |       |       |       ||    30
       Morningstar       |       |       |   114 |   754 |   244 |       |       |       |       ||  1112
       Kick              |       |       |    19 |   274 |   561 |   592 |  1204 |  1123 |  2793 ||  6566
       Trident           |       |       |       |     2 |       |       |       |       |       ||     2
       Demon whip        |       |       |       |       |    99 |       |       |       |       ||    99
       Eveningstar       |       |       |       |       |  1153 |  1442 |  2480 |  1975 |  4914 || 11964
       Giant spiked club |       |       |       |       |       |       |       |       |    20 ||    20
Throw: Large rock        |       |       |       |     8 |   110 |    98 |    63 |   218 |  1251 ||  1748
       Javelin           |       |       |       |       |       |     6 |       |       |       ||     6
 Cast: Summon Small Mamm |       |       |       |       |       |     2 |       |       |       ||     2
       Summon Butterflie |       |       |       |       |       |       |     6 |       |     2 ||     8
Invok: Heroism           |       |       |     6 |    13 |    28 |    18 |    11 |    11 |    12 ||    99
       Finesse           |       |       |       |     4 |     9 |     7 |     8 |     5 |     5 ||    38
       Cleansing Flame   |       |       |       |       |       |       |       |       |    12 ||    12
       Summon Divine War |       |       |       |       |       |       |       |       |    10 ||    10
       Divine Shield     |       |       |       |       |       |       |       |       |     5 ||     5
 Abil: Evoke Blink       |       |       |       |     1 |     2 |       |       |       |       ||     3
Evoke: Wand              |       |       |       |       |     8 |     4 |     2 |       |    16 ||    30
       Box of beasts     |       |       |       |       |       |       |       |     1 |       ||     1
       Rod               |       |       |       |       |       |       |       |       |     2 ||     2
  Use: Potion            |       |     1 |     6 |     4 |     3 |     6 |     3 |     1 |    20 ||    44
       Scroll            |       |       |    13 |     6 |    10 |    17 |    10 |     8 |    57 ||   121
 Stab: Sleeping          |       |       |       |     1 |     2 |       |       |       |       ||     3
       Distracted        |       |       |       |       |     1 |       |       |       |     1 ||     2
       Held in net/web   |       |       |       |       |       |     1 |     2 |       |       ||     3
  Eat: Chunk             |       |     6 |    20 |    27 |    48 |    40 |    45 |    32 |    27 ||   245
       Pizza             |       |     2 |       |       |     1 |     1 |     2 |       |       ||     6
       Beef jerky        |       |       |       |     2 |       |     2 |       |       |     2 ||     6
       Bread ration      |       |       |       |       |     1 |     2 |     1 |     1 |     7 ||    12
       Fruit             |       |       |       |       |       |       |       |     2 |    15 ||    17
       Royal jelly       |       |       |       |       |       |       |       |       |     2 ||     2
       Meat ration       |       |       |       |       |       |       |       |       |    12 ||    12
Armor: Robe              |    25 |    40 |   120 |   108 |   189 |     5 |       |       |       ||   487
       Skin              |       |       |       |    13 |       |       |       |       |       ||    13
       Storm dragon armo |       |       |       |       |    47 |   418 |   962 |   576 |  1208 ||  3211
       Fire dragon armou |       |       |       |       |       |       |       |       |   154 ||   154
Dodge: Dodged            |    34 |    82 |   202 |   246 |   478 |   264 |   602 |   400 |  1827 ||  4135
Block: Shield            |    53 |    77 |    34 |   345 |   325 |       |       |       |       ||   834
       Large shield      |       |       |       |       |   729 |  1158 |  2446 |  1857 |  5969 || 12159
       Reflection        |       |       |       |       |     4 |   166 |   136 |   111 |   178 ||   595
